 Dungeon Crawl Stone Soup version 0.27-a0-1529-g1e82c303ef (webtiles) character file.

Game seed: 13493721285052828891

61 Anon1729 the Caller (level 3, 0/24 HPs)
             Began as a Mummy Summoner on July 11, 2021.
             Slain by a water moccasin (1 damage)
             ... on level 4 of the Dungeon.
             The game lasted 00:04:12 (2686 turns).

Anon1729 the Caller (Mummy Summoner)                Turns: 2686, Time: 00:04:12

Health: 0/24       AC:  2    Str: 11    XL:     3   Next: 83%
Magic:  4/7        EV: 12    Int: 15    God:
Gold:   23         SH:  0    Dex: 12    Spells: 7/8 levels left

rFire    x . .     SeeInvis .   b - +1 short sword (drain)
rCold    + . .     Faith    .   (no shield)
rNeg     + + +     Spirit   .   a - +0 robe
rPois    ∞         Reflect  .   (no helmet)
rElec    .         Harm     .   (no cloak)
rCorr    .         Rampage  .   (no gloves)
Will     .....                  (no boots)
Stlth    ++........             (no amulet)
HPRegen  0.08/turn              (no ring)
MPRegen  0.10/turn              (no ring)

@: no status effects
A: cold resistance 1, negative energy resistance 3, torment resistance 2, heat
vulnerability 1, no potions
a: no special abilities


You were on level 4 of the Dungeon.
You visited 1 branch of the dungeon, and saw 4 of its levels.

You collected 23 gold pieces.

Inventory:

Hand Weapons
 b - a +1 short sword of draining (weapon)
Armour
 a - a +0 robe (worn)
Jewellery
 g - a +4 ring of evasion
Wands
 f - a wand of mindburst (18)
Scrolls
 c - a scroll of immolation {unknown}
 d - 4 scrolls of teleportation {unknown}
 e - a scroll of blinking {unknown}


   Skills:
 + Level 2.1 Dodging
 + Level 2.3 Stealth
 + Level 3.4 Spellcasting
 + Level 3.6 Summonings


You had 7 spell levels left.
You knew the following spells:

 Your Spells              Type           Power      Damage    Failure   Level
a - Summon Small Mammal   Summ           52%        N/A       4%          1

Your spell library contained the following spells:

 Spells                   Type           Power      Damage    Failure   Level
 Call Imp                 Summ           13%        N/A       6%          2
 Call Canine Familiar     Summ           13%        N/A       13%         3
 Sandblast                Erth           4%         2d4       19%         1
 Summon Guardian Golem    Hex/Summ       8%         N/A       26%         3
 Passwall                 Tmut/Erth      1%         N/A       28%         2
 Dazzling Flash           Conj/Hex       4%         N/A       50%         3
 Summon Lightning Spire   Summ/Air       8%         N/A       65%         4
 Iskenderun's Mystic Bla  Conj/Tloc      2%         2d3       88%         4
 Lee's Rapid Deconstruct  Erth           1%         3d5*      99%         5
 Starburst                Conj/Fire      1%         8x6d3     100%        6


Dungeon Overview and Level Annotations

Branches:
Dungeon (4/15)
 Temple: D:4-7

Altars:

Annotations:
D:3 2 transporters


Innate Abilities, Weirdness & Mutations

You are immune to poison.
Your flesh is cold resistant. (rC+)
You are immune to negative energy. (rN+++)
You are immune to unholy pain and torment.
You are vulnerable to heat. (rF-)
You do not drink.


Message History

You hit the water moccasin. You drain the water moccasin.
The water moccasin is heavily wounded.
The water moccasin bites you. x2
You are too injured to fight recklessly!
You are too injured to fight recklessly!
You are too injured to fight recklessly!
You are too injured to fight recklessly!
You are too injured to fight recklessly!
You are too injured to fight recklessly!
You are too injured to fight recklessly!
You are too injured to fight recklessly!
You are too injured to fight recklessly!
You are too injured to fight recklessly!
You are too injured to fight recklessly!
You are too injured to fight recklessly!
You are too injured to fight recklessly!
You are too injured to fight recklessly!
You are too injured to fight recklessly!
You are too injured to fight recklessly!
You are too injured to fight recklessly!
You are too injured to fight recklessly!
Casting: Summon Small Mammal (safe; 4% risk of failure)
Confirm with . or Enter, or press ? or * to list all spells.
The water moccasin closely misses you.
Casting: Summon Small Mammal (safe; 4% risk of failure)
Confirm with . or Enter, or press ? or * to list all spells.
The water moccasin bites you.
* * * LOW HITPOINT WARNING * * *
Casting: Summon Small Mammal (safe; 4% risk of failure)
Confirm with . or Enter, or press ? or * to list all spells.
You don't know that spell.
Casting: Summon Small Mammal (safe; 4% risk of failure)
Confirm with . or Enter, or press ? or * to list all spells.
Your bat completely misses the water moccasin.
The water moccasin closely misses you.
Your quokka bites the water moccasin.
The water moccasin bites you.
* * * LOW HITPOINT WARNING * * *
Your bat misses the water moccasin. Your quokka misses the water moccasin.
The water moccasin bites you.
You die...

##### ##...##
##.....##
##.......##
.#.#.........#
.......b.....#
.#.#...r.....######
##..rS@........#
##<....######.#
##...#######.##
######.......#
#.####<.# #..# ...#
..... ..##.#.


You could see a water moccasin (drained, ally target), 2 friendly quokkas and a
friendly bat (summoned).

Vanquished Creatures
  A worm (D:3)
  A dart slug (D:1)
  4 orcs (D:3)
  4 bats
  4 endoplasms (D:1)
  3 giant cockroaches
  2 goblins
  3 hobgoblins
  2 jackals (D:1)
  5 quokkas
  7 ball pythons
  3 frilled lizards
  2 kobolds (D:3)
  3 rats
44 creatures vanquished.

Vanquished Creatures (collateral kills)
  A hobgoblin (D:1)
  4 jackals (D:1)
  A kobold (D:1)
  A quokka (D:1)
7 creatures vanquished.

Grand Total: 51 creatures vanquished

Notes
Turn   | Place    | Note
-------+----------+-------------------------------------------
     0 | D:1      | Anon1729 the Mummy Summoner began the quest for the Orb.
     0 | D:1      | Reached XP level 1. HP: 13/13 MP: 4/4
   393 | D:1      | Reached XP level 2. HP: 15/19 MP: 5/5
   909 | D:1      | Found a faded altar of an unknown god.
   916 | D:1      | Reached XP level 3. HP: 23/24 MP: 7/7
  1914 | D:3      | Found a transporter.
  2489 | D:3      | Found a transporter.
  2674 | D:4      | Noticed a water moccasin
  2684 | D:4      | HP: 1/24 [water moccasin (6)]
  2686 | D:4      | Slain by a water moccasin

Illustrated notes

Levels and vault maps discovered:
D:1:      eino_arrival_cavern_b, layout_basic,
          hellmonk_ecumenical_altar_dog_temple
D:2:      layout_basic, minmay_pentomino_u2
D:3:      gammafunk_steamed_eel, layout_loops_ring,
          hangedman_abyss_or_decor_lesser_grid
D:4:      minmay_thinvault, layout_loops_cross, nicolae_tso_swordbearing_angel,
          minmay_temple_entry_wispy, uniq_crazy_yiuf_cottage, uniq_natasha

Skill      XL: |  1  2  3 |
---------------+----------+-----
Spellcasting   | 3 |  3.4
Stealth        | 2 |  2.3
Dodging        | 2 |  2.1
Summonings     | |  3.6

Action                   || total
-------------------------++-------
Melee: Short sword       ||   117
       Unarmed           ||     9
 Cast: Summon Small Mamm ||    15
 Stab: Sleeping          ||     4
Armor: Robe              ||    23
Dodge: Dodged            ||   109

Table legend: (Time is in decaauts)
 A = Elapsed time spent in this place.
 B = Non-inter-level travel time spent in this place.
 C = Inter-level travel time spent in this place.
 D = Time resting spent in this place.
 E = Time spent auto-exploring this place.
 F = Levels seen in this place.
 G = Mean time per level.
                   A        B        C        D        E       F      G
               +--------+--------+--------+--------+--------+-----+--------+
         Total |   2698 |   2593 |    105 |     27 |   2147 |   4 |  674.5 |
       Dungeon |   2698 |   2593 |    105 |     27 |   2147 |   4 |  674.5 |
               +--------+--------+--------+--------+--------+-----+--------+

Top non-repeatable levels by time:
     D:1: 1568 daAuts
     D:3: 946 daAuts
     D:2: 160 daAuts
     D:4: 23 daAuts
